RedWings vs Rangers

Created - February-07-15 at 11:00

Goals
1 2 3 T
RedWings 0 0 2 2
Rangers 0 0 0 0
Shots
1 2 3 T
RedWings 8 7 10 25
Rangers 13 9 9 31

1st period

No Goal

Penalties :
Ondrej Palat (DET) for Interference (Minor) at 12:13, Bryan Allen (NYR) for Hooking (Minor) at 14:39

2nd period

No Goal

Penalties :
Joffrey Lupul (NYR) for Hooking (Minor) at 0:11, Tyler Ennis (NYR) for Slashing (Minor) at 5:19, Tyler Ennis (NYR) for Slashing (Minor) at 15:50, Sam Gagner (DET) for Interference (Minor) at 19:42

3rd period

1. RedWings , Filip Forsberg 1 (Eric Brewer, Mark Arcobello) at 9:13 (PP)
2. RedWings , Tyler Toffoli 13 (Mark Arcobello, Joe Thornton) at 13:13 (PP)

Penalties :
Tomas Tatar (NYR) for Hooking (Minor) at 7:14, Alex Goligoski (NYR) for Hooking (Minor) at 11:15, Anton Volchenkov (NYR) for Spearing (Major / Game Misconduct) at 14:09, Ondrej Palat (DET) for Interference (Minor) at 14:09

Goalie Stats

Roberto Luongo (DET), 31 saves from 31 shots - (1.000), W, 21-12-4, 60:00 minutes
Brian Elliott (NYR), 23 saves from 25 shots - (0.920), L, 17-11-4, 60:00 minutes

Players Stats for RedWings

Player Name              G  A  P  +/- PIM S  H  SB GA TA FO     MP     PP MP  PK MP  
------------------------------------------------------------------------------------
Alexandre Burrows        0  0  0   0  0   1  2  0  0  0  0/0    17:28   6:26   0:41 
Andrew Cogliano          0  0  0   0  0   0  0  0  0  0  6/8     3:17   0:00   3:17 
Eric Brewer              0  1  1   0  0   0  1  2  0  0  0/0    27:11   5:19   2:06 
Eric Gryba               0  0  0   0  0   0  4  0  0  0  0/0    20:02   2:59   2:43 
Erik Haula               0  0  0   0  0   2  0  0  0  0  1/5     5:20   0:33   0:00 
Filip Forsberg           1  0  1   0  0   2  0  0  0  0  1/3    20:34   7:07   3:17 
Hal Gill                 0  0  0   0  0   1  1  0  0  0  0/0    11:54   2:18   0:00 
Jake Gardiner            0  0  0   0  0   0  0  1  0  0  0/0    16:04   4:20   1:10 
Joe Thornton             0  1  1   0  0   5  0  0  0  0  12/21  17:38   7:47   0:18 
Loui Eriksson            0  0  0   0  0   0  0  0  0  0  0/1    23:26   8:00   0:00 
Mark Arcobello           0  2  2   0  0   3  1  0  0  0  10/15  15:43   6:26   0:00 
Mark Fraser              0  0  0   0  0   1  0  4  0  0  0/0    15:55   6:23   0:06 
Ondrej Palat             0  0  0   0  4   0  3  0  0  0  0/0    16:42   0:00   0:00 
Paul Martin              0  0  0   0  0   6  0  1  0  0  0/0    27:14   7:32   1:51 
Sam Gagner               0  0  0   0  2   0  1  0  0  0  6/19   17:06   0:00   0:23 
Sean Bergenheim          0  0  0   0  0   0  0  0  0  0  0/0     0:00   0:00   0:00 
Tuomo Ruutu              0  0  0   0  0   1  4  0  0  0  3/6    21:13   6:28   0:00 
Tyler Toffoli            1  0  1   0  0   3  2  0  0  0  0/2    17:13   2:47   0:00 

Players Stats for Rangers

Player Name              G  A  P  +/- PIM S  H  SB GA TA FO     MP     PP MP  PK MP  
------------------------------------------------------------------------------------
Alex Goligoski           0  0  0   0  2   0  3  0  0  0  0/0    24:41   2:15   1:43 
Andrew Ference           0  0  0   0  0   0  0  0  0  0  0/0     1:03   0:00   1:03 
Anton Volchenkov         0  0  0   0  15  0  5  3  0  0  0/0    17:28   0:00   6:25 
Benoit Pouliot           0  0  0   0  0   1  0  0  0  0  0/0     4:51   0:00   0:54 
Bryan Allen              0  0  0   0  2   1  2  1  0  0  0/0     8:04   0:00   0:03 
Chris Tanev              0  0  0   0  0   3  0  3  0  0  0/0    20:06   0:00   7:43 
Craig Smith              0  0  0   0  0   3  0  0  0  0  0/0    12:50   1:26   0:00 
David Legwand            0  0  0   0  0   0  0  0  0  0  9/18   16:38   0:00   2:19 
Derek Morris             0  0  0   0  0   4  0  0  0  0  0/0     9:51   2:15   0:00 
Jaromir Jagr             0  0  0   0  0   3  0  0  0  0  1/2    17:44   2:32   0:00 
Joffrey Lupul            0  0  0   0  2   1  2  0  0  0  2/2    21:45   1:26   5:08 
Karl Alzner              0  0  0   0  0   3  0  0  0  0  0/0    16:41   1:43   5:51 
Kris Russell             0  0  0   0  0   0  1  0  0  0  0/0    22:03   1:43   6:58 
Mikael Backlund          0  0  0   0  0   1  1  0  0  0  11/19  22:14   2:32   8:52 
Sean Couturier           0  0  0   0  0   3  1  1  0  0  14/32  23:09   1:26   9:03 
Steve Downie             0  0  0   0  0   4  0  0  0  0  0/0    13:08   0:00   0:00 
Tomas Tatar              0  0  0   0  2   3  2  0  0  0  0/1    13:55   0:00   0:00 
Tyler Ennis              0  0  0   0  4   1  5  0  0  0  4/6    16:50   2:32   3:30 

3 Stars

1 - Roberto Luongo (DET)
2 - Tyler Toffoli (DET)
3 - Mark Arcobello (DET)

Power Play

RedWings - 2 on 6 Attempt(s) - 33.33%
Rangers - 0 on 2 Attempt(s) - 0.00%

Penalty Kill

RedWings - 2 on 2 Attempt(s) - 100.00% - Score 0 goal in Penalty Kill
Rangers - 4 on 6 Attempt(s) - 66.67% - Score 0 goal in Penalty Kill

Team Stat

RedWings - Hits : 19 - Faceoff Wins : 39 - Blocked Shots : 8 - Penalty Minutes : 6
Rangers - Hits : 22 - Faceoff Wins : 41 - Blocked Shots : 8 - Penalty Minutes : 27

Official

Referees : Dean Morton and Mark Lemelin
Linesman : Scott Cherrey and Brad Lazarowich

Game Notes

Jake Gardiner is injured at 0:29 of 3rd period (Strained Right Knee)
Anton Volchenkov ejected from game at 14:09 of 3rd period

Finance

Level 1 -- Attendance: 4414 (67.91%) -- Ticket Income $551,750
Level 2 -- Attendance: 5000 (100.00%) -- Ticket Income $375,000
Level 3 -- Attendance: 3500 (100.00%) -- Ticket Income $175,000
Level 4 -- Attendance: 2200 (100.00%) -- Ticket Income $55,000
Luxury Box -- Attendance: 695 (69.50%) -- Ticket Income $173,750
Game was played at the Madison Square Garden'
Total Attendance: 15809 (86.86%)
Total Ticket Income: $1,330,500
Other Income: $199,575
Total Income: $1,530,075

% Time on Ice - RedWings

Lines # - Real PCT - Wanted PCT - Time Play
Normal Forward
1 - 43% - 45% - 16:44
2 - 24% - 35% - 9:33
3 - 23% - 15% - 8:51
4 - 10% - 5% - 4:02
Normal Defense
1 - 42% - 40% - 16:17
2 - 23% - 30% - 8:58
3 - 23% - 20% - 8:51
4 - 13% - 10% - 5:04
PP Forward
1 - 54% - 60% - 8:02
2 - 46% - 40% - 6:51
PP Defense
1 - 71% - 60% - 10:34
2 - 29% - 40% - 4:19
PK Forward
1 - 83% - 60% - 3:17
2 - 17% - 40% - 0:41
PK Defense
1 - 51% - 60% - 2:01
2 - 49% - 40% - 1:57
PK3 Forward
1 - 0% - 60%
2 - 0% - 40%
PK3 Defense
1 - 0% - 60%
2 - 0% - 40%
44 Forward
1 - 78% - 60% - 1:33
2 - 22% - 40% - 0:26
44 Defense
1 - 40% - 60% - 0:48
2 - 60% - 40% - 1:11
Last Minute Offensive  - 0:00
Last Minute Defensive  - 0:00
Total
Forward - 60:00
Defense - 60:00

% Time on Ice - Rangers

Lines # - Real PCT - Wanted PCT - Time Play
Normal Forward
1 - 29% - 40% - 11:15
2 - 28% - 30% - 10:50
3 - 34% - 20% - 13:08
4 - 10% - 10% - 3:57
Normal Defense
1 - 31% - 40% - 12:14
2 - 29% - 30% - 11:18
3 - 21% - 20% - 8:02
4 - 19% - 10% - 7:36
PP Forward
1 - 64% - 60% - 2:32
2 - 36% - 40% - 1:26
PP Defense
1 - 57% - 60% - 2:15
2 - 43% - 40% - 1:43
PK Forward
1 - 67% - 60% - 9:58
2 - 33% - 40% - 4:55
PK Defense
1 - 61% - 60% - 9:02
2 - 39% - 40% - 5:51
PK3 Forward
1 - 0% - 60%
2 - 0% - 40%
PK3 Defense
1 - 0% - 60%
2 - 0% - 40%
44 Forward
1 - 100% - 60% - 1:59
2 - 0% - 40% - 0:00
44 Defense
1 - 45% - 60% - 0:54
2 - 55% - 40% - 1:05
Last Minute Offensive  - 0:00
Last Minute Defensive  - 0:00
Total
Forward - 60:00
Defense - 60:00

Play by Play

1st period


0:01 of 1st period - Sean Couturier wins face-off versus Sam Gagner in neutral zone.
0:22 of 1st period - Shot by Ondrej Palat.
0:22 of 1st period - Deflect By Sam Gagner.
0:22 of 1st period - Shot Hit the Post.
0:46 of 1st period - Shot by Sean Couturier.
0:46 of 1st period - Stopped by Roberto Luongo without a rebound.
0:47 of 1st period - Mikael Backlund wins face-off versus Joe Thornton in RedWings zone.
0:53 of 1st period - Eric Gryba is hit by Anton Volchenkov and loses puck.
1:21 of 1st period - Icing by Eric Gryba.
1:22 of 1st period - Joe Thornton wins face-off versus David Legwand in RedWings zone.
2:34 of 1st period - Shot by Mark Arcobello.
2:34 of 1st period - Stopped by Brian Elliott without a rebound.
2:35 of 1st period - Sam Gagner wins face-off versus Jaromir Jagr in Rangers zone.
2:35 of 1st period - Sam Gagner is hit by Alex Goligoski.
3:17 of 1st period - Jaromir Jagr is hit by Hal Gill and loses puck.
3:46 of 1st period - Mark Arcobello is hit by Tyler Ennis and loses puck.
3:57 of 1st period - Shot by Jake Gardiner.
3:57 of 1st period - Shot Blocked by Anton Volchenkov.
4:47 of 1st period - Shot by Filip Forsberg.
4:47 of 1st period - Shot Misses the Net.
4:49 of 1st period - Shot by Eric Gryba.
4:49 of 1st period - Shot Misses the Net.
5:16 of 1st period - Icing by Alex Goligoski.
5:17 of 1st period - Sam Gagner wins face-off versus Sean Couturier in Rangers zone.
5:49 of 1st period - Icing by Ondrej Palat.
5:50 of 1st period - David Legwand wins face-off versus Sam Gagner in RedWings zone.
5:53 of 1st period - Shot by Tomas Tatar.
5:53 of 1st period - Shot Misses the Net.
5:58 of 1st period - Icing by Ondrej Palat.
5:59 of 1st period - Sam Gagner wins face-off versus David Legwand in RedWings zone.
6:31 of 1st period - Shot by Tomas Tatar.
6:31 of 1st period - Shot Hit the Post.
6:39 of 1st period - Shot by Tomas Tatar.
6:39 of 1st period - Stopped by Roberto Luongo without a rebound.
6:40 of 1st period - Mikael Backlund wins face-off versus Joe Thornton in RedWings zone.
6:47 of 1st period - Shot by Mikael Backlund.
6:47 of 1st period - Stopped by Roberto Luongo without a rebound.
6:48 of 1st period - Mark Arcobello wins face-off versus Mikael Backlund in RedWings zone.
6:50 of 1st period - Icing by Paul Martin.
6:51 of 1st period - Mark Arcobello wins face-off versus Sean Couturier in RedWings zone.
7:14 of 1st period - Alexandre Burrows is hit by Kris Russell and loses puck.
7:30 of 1st period - Shot by Tyler Toffoli.
7:30 of 1st period - Shot Misses the Net.
7:32 of 1st period - Shot by Paul Martin.
7:32 of 1st period - Stopped by Brian Elliott without a rebound.
7:33 of 1st period - Tyler Ennis wins face-off versus Sam Gagner in Rangers zone.
7:37 of 1st period - Icing by Craig Smith.
7:38 of 1st period - Joe Thornton wins face-off versus Mikael Backlund in Rangers zone.
7:50 of 1st period - Craig Smith is hit by Tuomo Ruutu and loses puck.
8:03 of 1st period - Shot by Mikael Backlund.
8:03 of 1st period - Shot Blocked by Eric Brewer.
8:15 of 1st period - Shot by Mikael Backlund.
8:15 of 1st period - Shot Misses the Net.
8:17 of 1st period - Shot by Tyler Ennis.
8:17 of 1st period - Stopped by Roberto Luongo without a rebound.
8:18 of 1st period - Sean Couturier wins face-off versus Sam Gagner in RedWings zone.
8:18 of 1st period - Kris Russell is hit by Eric Gryba.
8:47 of 1st period - Alex Goligoski is hit by Ondrej Palat.
9:03 of 1st period - Shot by Ondrej Palat.
9:03 of 1st period - Shot Misses the Net.
9:26 of 1st period - Shot by Bryan Allen.
9:26 of 1st period - Shot Blocked by Mark Fraser.
9:34 of 1st period - Shot by Steve Downie.
9:34 of 1st period - Shot Blocked by Mark Fraser.
9:36 of 1st period - Shot by Tomas Tatar.
9:36 of 1st period - Shot Misses the Net.
9:38 of 1st period - Shot by Bryan Allen.
9:38 of 1st period - Shot Misses the Net.
9:42 of 1st period - Shot by Tomas Tatar.
9:42 of 1st period - Shot Blocked by Mark Fraser.
9:44 of 1st period - Shot by Karl Alzner.
9:44 of 1st period - Stopped by Roberto Luongo with a rebound.
9:46 of 1st period - Shot by Tomas Tatar.
9:46 of 1st period - Stopped by Roberto Luongo without a rebound.
9:47 of 1st period - Filip Forsberg wins face-off versus Mikael Backlund in RedWings zone.
9:47 of 1st period - Joe Thornton is hit by Mikael Backlund and loses puck.
9:54 of 1st period - Shot by Craig Smith.
9:54 of 1st period - Stopped by Roberto Luongo without a rebound.
9:55 of 1st period - Tuomo Ruutu wins face-off versus Mikael Backlund in RedWings zone.
9:55 of 1st period - Tuomo Ruutu is hit by Tyler Ennis.
10:09 of 1st period - Joe Thornton is hit by Anton Volchenkov and loses puck.
11:07 of 1st period - Off-side.
11:08 of 1st period - Mark Arcobello wins face-off versus David Legwand in neutral zone.
11:22 of 1st period - Eric Gryba is hit by Tomas Tatar and loses puck.
11:41 of 1st period - Shot by Steve Downie.
11:41 of 1st period - Stopped by Roberto Luongo without a rebound.
11:42 of 1st period - Sam Gagner wins face-off versus Sean Couturier in RedWings zone.
11:42 of 1st period - Sam Gagner is hit by Joffrey Lupul.
12:13 of 1st period - Minor Penalty to Ondrej Palat for Interference.
12:14 of 1st period - Andrew Cogliano wins face-off versus Tyler Ennis in RedWings zone.
12:31 of 1st period - Shot by Jaromir Jagr.
12:31 of 1st period - Shot Misses the Net.
12:33 of 1st period - Shot by Tyler Ennis.
12:33 of 1st period - Shot Misses the Net.
12:45 of 1st period - Shot by Derek Morris.
12:45 of 1st period - Stopped by Roberto Luongo without a rebound.
12:46 of 1st period - Andrew Cogliano wins face-off versus Sean Couturier in RedWings zone.
12:46 of 1st period - Paul Martin is hit by Joffrey Lupul and loses puck.
12:57 of 1st period - Shot by Kris Russell.
12:57 of 1st period - Shot Misses the Net.
13:19 of 1st period - Shot by Joffrey Lupul.
13:19 of 1st period - Shot Misses the Net.
13:21 of 1st period - Shot by Karl Alzner.
13:21 of 1st period - Stopped by Roberto Luongo without a rebound.
13:22 of 1st period - Mikael Backlund wins face-off versus Andrew Cogliano in RedWings zone.
13:27 of 1st period - Shot by Derek Morris.
13:27 of 1st period - Shot Misses the Net.
13:29 of 1st period - Shot by Derek Morris.
13:29 of 1st period - Stopped by Roberto Luongo without a rebound.
13:30 of 1st period - Andrew Cogliano wins face-off versus Mikael Backlund in RedWings zone.
14:35 of 1st period - Shot by Tyler Toffoli.
14:35 of 1st period - Deflect By Erik Haula.
14:35 of 1st period - Stopped by Brian Elliott without a rebound.
14:36 of 1st period - Sam Gagner wins face-off versus Sean Couturier in Rangers zone.
14:36 of 1st period - Sam Gagner is hit by Bryan Allen.
14:39 of 1st period - Minor Penalty to Bryan Allen for Hooking.
14:40 of 1st period - Joe Thornton wins face-off versus Sean Couturier in Rangers zone.
14:45 of 1st period - Shot by Paul Martin.
14:45 of 1st period - Stopped by Brian Elliott without a rebound.
14:46 of 1st period - Sean Couturier wins face-off versus Joe Thornton in Rangers zone.
14:46 of 1st period - Sean Couturier is hit by Alexandre Burrows.
14:53 of 1st period - Icing by Paul Martin.
14:54 of 1st period - Joe Thornton wins face-off versus Sean Couturier in RedWings zone.
14:54 of 1st period - Joe Thornton is hit by Sean Couturier.
15:28 of 1st period - Shot by Paul Martin.
15:28 of 1st period - Shot Misses the Net.
15:36 of 1st period - Shot by Paul Martin.
15:36 of 1st period - Stopped by Brian Elliott without a rebound.
15:37 of 1st period - Tyler Ennis wins face-off versus Mark Arcobello in Rangers zone.
15:43 of 1st period - Icing by Mark Fraser.
15:44 of 1st period - Mark Arcobello wins face-off versus Sean Couturier in RedWings zone.
16:09 of 1st period - Shot by Eric Brewer.
16:09 of 1st period - Shot Misses the Net.
16:11 of 1st period - Shot by Mark Arcobello.
16:11 of 1st period - Shot Misses the Net.
16:13 of 1st period - Shot by Tuomo Ruutu.
16:13 of 1st period - Shot Misses the Net.
16:15 of 1st period - Shot by Mark Arcobello.
16:15 of 1st period - Shot Misses the Net.
16:17 of 1st period - Shot by Mark Fraser.
16:17 of 1st period - Stopped by Brian Elliott with a rebound.
16:53 of 1st period - Ondrej Palat is hit by Tomas Tatar and loses puck.
17:08 of 1st period - Shot by Tomas Tatar.
17:08 of 1st period - Shot Misses the Net.
17:10 of 1st period - Shot by Derek Morris.
17:10 of 1st period - Stopped by Roberto Luongo with a rebound.
17:12 of 1st period - Shot by Derek Morris.
17:12 of 1st period - Shot Misses the Net.
17:56 of 1st period - Shot by Jaromir Jagr.
17:56 of 1st period - Stopped by Roberto Luongo without a rebound.
17:57 of 1st period - Mikael Backlund wins face-off versus Erik Haula in RedWings zone.
18:08 of 1st period - Shot by Tyler Toffoli.
18:08 of 1st period - Shot Blocked by Bryan Allen.
18:18 of 1st period - Shot by Tyler Ennis.
18:18 of 1st period - Shot Misses the Net.
18:32 of 1st period - Shot by Eric Brewer.
18:32 of 1st period - Shot Misses the Net.
19:01 of 1st period - Off-side.
19:02 of 1st period - Joe Thornton wins face-off versus David Legwand in neutral zone.
19:05 of 1st period - Shot by Joe Thornton.
19:05 of 1st period - Shot Misses the Net.
19:07 of 1st period - Shot by Hal Gill.
19:07 of 1st period - Stopped by Brian Elliott with a rebound.
19:09 of 1st period - Shot by Filip Forsberg.
19:09 of 1st period - Shot Misses the Net.
19:15 of 1st period - Shot by Joe Thornton.
19:15 of 1st period - Shot Blocked by Anton Volchenkov.
19:17 of 1st period - Shot by Alexandre Burrows.
19:17 of 1st period - Shot Misses the Net.
19:19 of 1st period - Shot by Paul Martin.
19:19 of 1st period - Stopped by Brian Elliott without a rebound.
19:20 of 1st period - Sean Couturier wins face-off versus Sam Gagner in Rangers zone.
19:43 of 1st period - Shot by Jaromir Jagr.
19:43 of 1st period - Shot Misses the Net.
19:45 of 1st period - Shot by Sean Couturier.
19:45 of 1st period - Shot Blocked by Mark Fraser.
Goals for this period are 0 for RedWings vs 0 for Rangers.
Shots for this period are 8 for RedWings vs 13 for Rangers.

2nd period


0:01 of 2nd period - Sean Couturier wins face-off versus Filip Forsberg in neutral zone.
0:11 of 2nd period - Minor Penalty to Joffrey Lupul for Hooking.
0:12 of 2nd period - Joe Thornton wins face-off versus Sean Couturier in Rangers zone.
0:12 of 2nd period - Joe Thornton is hit by Anton Volchenkov.
0:14 of 2nd period - Shot by Loui Eriksson.
0:14 of 2nd period - Shot Blocked by Anton Volchenkov.
0:16 of 2nd period - Shot by Joe Thornton.
0:16 of 2nd period - Stopped by Brian Elliott without a rebound.
0:17 of 2nd period - Joe Thornton wins face-off versus Sean Couturier in Rangers zone.
0:17 of 2nd period - Alexandre Burrows is hit by Anton Volchenkov and loses puck.
0:34 of 2nd period - Shot by Paul Martin.
0:34 of 2nd period - Stopped by Brian Elliott with a rebound.
0:56 of 2nd period - Shot by Benoit Pouliot.
0:56 of 2nd period - Stopped by Roberto Luongo without a rebound.
0:57 of 2nd period - Mark Arcobello wins face-off versus Sean Couturier in RedWings zone.
1:26 of 2nd period - Shot by Eric Brewer.
1:26 of 2nd period - Shot Misses the Net.
2:39 of 2nd period - Shot by David Legwand.
2:39 of 2nd period - Shot Misses the Net.
2:41 of 2nd period - Shot by Derek Morris.
2:41 of 2nd period - Stopped by Roberto Luongo with a rebound.
3:20 of 2nd period - Shot by Joffrey Lupul.
3:20 of 2nd period - Stopped by Roberto Luongo without a rebound.
3:21 of 2nd period - Mikael Backlund wins face-off versus Erik Haula in RedWings zone.
3:32 of 2nd period - Shot by Mikael Backlund.
3:32 of 2nd period - Shot Misses the Net.
3:46 of 2nd period - Shot by Tyler Toffoli.
3:46 of 2nd period - Shot Misses the Net.
3:48 of 2nd period - Shot by Erik Haula.
3:48 of 2nd period - Shot Misses the Net.
3:50 of 2nd period - Shot by Erik Haula.
3:50 of 2nd period - Stopped by Brian Elliott without a rebound.
3:51 of 2nd period - Mark Arcobello wins face-off versus Sean Couturier in Rangers zone.
4:08 of 2nd period - Icing by Alex Goligoski.
4:09 of 2nd period - Sean Couturier wins face-off versus Joe Thornton in Rangers zone.
5:06 of 2nd period - Shot by Tyler Ennis.
5:06 of 2nd period - Shot Misses the Net.
5:08 of 2nd period - Shot by Craig Smith.
5:08 of 2nd period - Shot Misses the Net.
5:10 of 2nd period - Shot by Mikael Backlund.
5:10 of 2nd period - Shot Misses the Net.
5:12 of 2nd period - Shot by Chris Tanev.
5:12 of 2nd period - Stopped by Roberto Luongo without a rebound.
5:13 of 2nd period - David Legwand wins face-off versus Sam Gagner in RedWings zone.
5:16 of 2nd period - Shot by Tomas Tatar.
5:16 of 2nd period - Stopped by Roberto Luongo without a rebound.
5:17 of 2nd period - Mikael Backlund wins face-off versus Sam Gagner in RedWings zone.
5:19 of 2nd period - Minor Penalty to Tyler Ennis for Slashing.
5:20 of 2nd period - Mikael Backlund wins face-off versus Joe Thornton in Rangers zone.
5:29 of 2nd period - Shot by Loui Eriksson.
5:29 of 2nd period - Shot Blocked by Sean Couturier.
6:29 of 2nd period - Icing by Eric Brewer.
6:30 of 2nd period - David Legwand wins face-off versus Filip Forsberg in RedWings zone.
6:44 of 2nd period - Icing by Eric Brewer.
6:45 of 2nd period - Mark Arcobello wins face-off versus Sean Couturier in RedWings zone.
7:24 of 2nd period - Icing by Alex Goligoski.
7:25 of 2nd period - Joffrey Lupul wins face-off versus Sam Gagner in Rangers zone.
7:48 of 2nd period - Benoit Pouliot is hit by Ondrej Palat and loses puck.
7:55 of 2nd period - Derek Morris is hit by Sam Gagner and loses puck.
8:50 of 2nd period - Craig Smith is hit by Eric Brewer.
9:26 of 2nd period - Eric Brewer is hit by Tyler Ennis and loses puck.
9:34 of 2nd period - Icing by Mark Arcobello.
9:35 of 2nd period - Mark Arcobello wins face-off versus David Legwand in RedWings zone.
9:53 of 2nd period - Off-side.
9:54 of 2nd period - David Legwand wins face-off versus Sam Gagner in neutral zone.
10:11 of 2nd period - David Legwand is hit by Eric Gryba and loses puck.
10:39 of 2nd period - Icing by Steve Downie.
10:40 of 2nd period - Joe Thornton wins face-off versus David Legwand in Rangers zone.
10:55 of 2nd period - Icing by Kris Russell.
10:56 of 2nd period - Tuomo Ruutu wins face-off versus David Legwand in Rangers zone.
11:33 of 2nd period - Shot by Chris Tanev.
11:33 of 2nd period - Stopped by Roberto Luongo without a rebound.
11:34 of 2nd period - Mikael Backlund wins face-off versus Sam Gagner in RedWings zone.
11:46 of 2nd period - Shot by Bryan Allen.
11:46 of 2nd period - Stopped by Roberto Luongo without a rebound.
11:47 of 2nd period - Mark Arcobello wins face-off versus Sean Couturier in RedWings zone.
12:00 of 2nd period - Shot by Tyler Toffoli.
12:00 of 2nd period - Stopped by Brian Elliott with a rebound.
12:20 of 2nd period - Shot by Jaromir Jagr.
12:20 of 2nd period - Stopped by Roberto Luongo with a rebound.
13:15 of 2nd period - Joe Thornton is hit by Alex Goligoski and loses puck.
13:56 of 2nd period - Shot by Tomas Tatar.
13:56 of 2nd period - Shot Misses the Net.
13:58 of 2nd period - Shot by David Legwand.
13:58 of 2nd period - Shot Misses the Net.
14:07 of 2nd period - Loui Eriksson is hit by Bryan Allen and loses puck.
14:22 of 2nd period - Shot by Loui Eriksson.
14:22 of 2nd period - Shot Misses the Net.
14:39 of 2nd period - Off-side.
14:40 of 2nd period - Sean Couturier wins face-off versus Erik Haula in neutral zone.
14:43 of 2nd period - Shot by Joffrey Lupul.
14:43 of 2nd period - Deflect By Jaromir Jagr.
14:43 of 2nd period - Stopped by Roberto Luongo without a rebound.
14:44 of 2nd period - Joffrey Lupul wins face-off versus Mark Arcobello in RedWings zone.
15:03 of 2nd period - Kris Russell is hit by Mark Arcobello and loses puck.
15:50 of 2nd period - Minor Penalty to Tyler Ennis for Slashing.
15:51 of 2nd period - Sean Couturier wins face-off versus Joe Thornton in Rangers zone.
16:00 of 2nd period - Shot by Joe Thornton.
16:00 of 2nd period - Shot Hit the Post.
16:02 of 2nd period - Shot by Jake Gardiner.
16:02 of 2nd period - Shot Blocked by Chris Tanev.
16:04 of 2nd period - Shot by Joe Thornton.
16:04 of 2nd period - Stopped by Brian Elliott without a rebound.
16:05 of 2nd period - Joe Thornton wins face-off versus Sean Couturier in Rangers zone.
16:12 of 2nd period - Shot by Jake Gardiner.
16:12 of 2nd period - Shot Blocked by Chris Tanev.
16:14 of 2nd period - Shot by Paul Martin.
16:14 of 2nd period - Stopped by Brian Elliott without a rebound.
16:15 of 2nd period - Mark Arcobello wins face-off versus Sean Couturier in Rangers zone.
17:24 of 2nd period - Shot by Alexandre Burrows.
17:24 of 2nd period - Stopped by Brian Elliott without a rebound.
17:25 of 2nd period - Mikael Backlund wins face-off versus Tyler Toffoli in Rangers zone.
18:42 of 2nd period - Icing by Derek Morris.
18:43 of 2nd period - Erik Haula wins face-off versus David Legwand in Rangers zone.
18:44 of 2nd period - Shot by Tyler Toffoli.
18:44 of 2nd period - Shot Misses the Net.
18:50 of 2nd period - Alex Goligoski is hit by Tyler Toffoli and loses puck.
19:42 of 2nd period - Minor Penalty to Sam Gagner for Interference.
19:43 of 2nd period - Andrew Cogliano wins face-off versus Mikael Backlund in RedWings zone.
Goals for this period are 0 for RedWings vs 0 for Rangers.
Shots for this period are 7 for RedWings vs 9 for Rangers.

3rd period


0:01 of 3rd period - Andrew Cogliano wins face-off versus Mikael Backlund in neutral zone.
0:03 of 3rd period - Off-side.
0:04 of 3rd period - Andrew Cogliano wins face-off versus Mikael Backlund in neutral zone.
0:04 of 3rd period - Eric Brewer is hit by Tyler Ennis and loses puck.
0:25 of 3rd period - Shot by Tyler Ennis.
0:25 of 3rd period - Shot Misses the Net.
0:27 of 3rd period - Shot by Alex Goligoski.
0:27 of 3rd period - Shot Blocked by Paul Martin.
0:29 of 3rd period - Shot by Mikael Backlund.
0:29 of 3rd period - Shot Blocked by Jake Gardiner.
0:29 of 3rd period - Jake Gardiner from RedWings is injured at 0:29 of 3rd period (Strained Right Knee).
0:30 of 3rd period - Sean Couturier wins face-off versus Andrew Cogliano in RedWings zone.
0:30 of 3rd period - Kris Russell is hit by Eric Gryba and loses puck.
0:33 of 3rd period - Shot by Karl Alzner.
0:33 of 3rd period - Stopped by Roberto Luongo with a rebound.
0:35 of 3rd period - Shot by Kris Russell.
0:35 of 3rd period - Shot Misses the Net.
0:51 of 3rd period - Shot by Kris Russell.
0:51 of 3rd period - Shot Misses the Net.
0:53 of 3rd period - Shot by Kris Russell.
0:53 of 3rd period - Shot Misses the Net.
1:01 of 3rd period - Shot by Craig Smith.
1:01 of 3rd period - Stopped by Roberto Luongo with a rebound.
1:03 of 3rd period - Shot by Karl Alzner.
1:03 of 3rd period - Shot Misses the Net.
1:05 of 3rd period - Shot by Craig Smith.
1:05 of 3rd period - Stopped by Roberto Luongo with a rebound.
2:08 of 3rd period - Ondrej Palat is hit by Anton Volchenkov.
2:23 of 3rd period - Icing by Eric Brewer.
2:24 of 3rd period - Mikael Backlund wins face-off versus Sam Gagner in RedWings zone.
2:38 of 3rd period - Ondrej Palat is hit by Alex Goligoski.
2:49 of 3rd period - Icing by Kris Russell.
2:50 of 3rd period - Mikael Backlund wins face-off versus Mark Arcobello in Rangers zone.
3:09 of 3rd period - Shot by Mark Arcobello.
3:09 of 3rd period - Stopped by Brian Elliott without a rebound.
3:10 of 3rd period - Sean Couturier wins face-off versus Joe Thornton in Rangers zone.
3:10 of 3rd period - Jaromir Jagr is hit by Tuomo Ruutu.
3:15 of 3rd period - Jaromir Jagr is hit by Tuomo Ruutu and loses puck.
3:21 of 3rd period - Anton Volchenkov is hit by Tuomo Ruutu and loses puck.
3:41 of 3rd period - Icing by Anton Volchenkov.
3:42 of 3rd period - Sean Couturier wins face-off versus Loui Eriksson in Rangers zone.
3:57 of 3rd period - Shot by Sean Couturier.
3:57 of 3rd period - Stopped by Roberto Luongo with a rebound.
3:59 of 3rd period - Shot by Jaromir Jagr.
3:59 of 3rd period - Shot Misses the Net.
4:17 of 3rd period - Ondrej Palat is hit by Tyler Ennis and loses puck.
5:06 of 3rd period - Icing by Ondrej Palat.
5:07 of 3rd period - Sam Gagner wins face-off versus David Legwand in RedWings zone.
5:14 of 3rd period - Steve Downie is hit by Ondrej Palat.
5:18 of 3rd period - Shot by David Legwand.
5:18 of 3rd period - Shot Misses the Net.
5:27 of 3rd period - Shot by Steve Downie.
5:27 of 3rd period - Stopped by Roberto Luongo without a rebound.
5:28 of 3rd period - Joe Thornton wins face-off versus Sean Couturier in RedWings zone.
6:49 of 3rd period - Shot by Alexandre Burrows.
6:49 of 3rd period - Shot Misses the Net.
7:14 of 3rd period - Minor Penalty to Tomas Tatar for Hooking.
7:15 of 3rd period - Joe Thornton wins face-off versus Sean Couturier in Rangers zone.
7:42 of 3rd period - Shot by Paul Martin.
7:42 of 3rd period - Shot Misses the Net.
8:16 of 3rd period - Shot by Tuomo Ruutu.
8:16 of 3rd period - Stopped by Brian Elliott without a rebound.
8:17 of 3rd period - Tyler Ennis wins face-off versus Joe Thornton in Rangers zone.
8:17 of 3rd period - Tyler Ennis is hit by Tyler Toffoli.
9:11 of 3rd period - Shot by Eric Brewer.
9:11 of 3rd period - Shot Misses the Net.
9:13 of 3rd period - Shot by Filip Forsberg.
9:13 of 3rd period - Goal by Filip Forsberg - RedWings : 1 - Rangers : 0.
9:14 of 3rd period - David Legwand wins face-off versus Erik Haula in neutral zone.
9:37 of 3rd period - David Legwand is hit by Eric Gryba.
9:49 of 3rd period - Shot by Steve Downie.
9:49 of 3rd period - Stopped by Roberto Luongo without a rebound.
9:50 of 3rd period - Jaromir Jagr wins face-off versus Sam Gagner in RedWings zone.
9:57 of 3rd period - Shot by Karl Alzner.
9:57 of 3rd period - Shot Misses the Net.
11:15 of 3rd period - Minor Penalty to Alex Goligoski for Hooking.
11:16 of 3rd period - Sean Couturier wins face-off versus Tyler Toffoli in Rangers zone.
11:16 of 3rd period - Mikael Backlund is hit by Alexandre Burrows and loses puck.
12:51 of 3rd period - Shot by Loui Eriksson.
12:51 of 3rd period - Deflect By Joe Thornton.
12:51 of 3rd period - Stopped by Brian Elliott without a rebound.
12:52 of 3rd period - Tyler Ennis wins face-off versus Mark Arcobello in Rangers zone.
13:13 of 3rd period - Shot by Tyler Toffoli.
13:13 of 3rd period - Goal by Tyler Toffoli - RedWings : 2 - Rangers : 0.
13:14 of 3rd period - David Legwand wins face-off versus Sam Gagner in neutral zone.
14:09 of 3rd period - Major / Game Misconduct Penalty to Anton Volchenkov for Spearing.
14:09 of 3rd period - Anton Volchenkov is ejected from game.
14:09 of 3rd period - Minor Penalty to Ondrej Palat for Interference.
14:10 of 3rd period - David Legwand wins face-off versus Tuomo Ruutu in Rangers zone.
14:19 of 3rd period - Shot by Sean Couturier.
14:19 of 3rd period - Stopped by Roberto Luongo with a rebound.
14:21 of 3rd period - Shot by Chris Tanev.
14:21 of 3rd period - Stopped by Roberto Luongo without a rebound.
14:22 of 3rd period - David Legwand wins face-off versus Tuomo Ruutu in RedWings zone.
14:40 of 3rd period - Icing by Hal Gill.
14:41 of 3rd period - Tuomo Ruutu wins face-off versus Tomas Tatar in RedWings zone.
14:50 of 3rd period - Shot by Tyler Toffoli.
14:50 of 3rd period - Shot Misses the Net.
14:52 of 3rd period - Shot by Hal Gill.
14:52 of 3rd period - Shot Misses the Net.
14:54 of 3rd period - Shot by Tyler Toffoli.
14:54 of 3rd period - Stopped by Brian Elliott without a rebound.
14:55 of 3rd period - David Legwand wins face-off versus Tuomo Ruutu in Rangers zone.
15:16 of 3rd period - Shot by David Legwand.
15:16 of 3rd period - Shot Blocked by Eric Brewer.
16:12 of 3rd period - Shot by Joe Thornton.
16:12 of 3rd period - Stopped by Brian Elliott without a rebound.
16:13 of 3rd period - Sean Couturier wins face-off versus Joe Thornton in Rangers zone.
16:38 of 3rd period - Shot by Joe Thornton.
16:38 of 3rd period - Stopped by Brian Elliott with a rebound.
18:17 of 3rd period - Shot by Hal Gill.
18:17 of 3rd period - Shot Misses the Net.
18:19 of 3rd period - Shot by Mark Arcobello.
18:19 of 3rd period - Stopped by Brian Elliott with a rebound.
18:27 of 3rd period - Shot by Tyler Toffoli.
18:27 of 3rd period - Shot Blocked by Chris Tanev.
18:29 of 3rd period - Shot by Filip Forsberg.
18:29 of 3rd period - Stopped by Brian Elliott with a rebound.
18:42 of 3rd period - Icing by Hal Gill.
18:43 of 3rd period - Joe Thornton wins face-off versus Tyler Ennis in RedWings zone.
19:45 of 3rd period - Shot by Steve Downie.
19:45 of 3rd period - Stopped by Roberto Luongo without a rebound.
19:46 of 3rd period - Sean Couturier wins face-off versus Mark Arcobello in RedWings zone.
Goals for this period are 2 for RedWings vs 0 for Rangers.
Shots for this period are 10 for RedWings vs 9 for Rangers.


Output by the SimonT Hockey Simulator (STHS) for Stephane Roy -- Original Page W3C XHTML 1.0 Valid
Hockey Simulator - Hockey Simulation - Hockey Manager